 Dungeon Sprint DCSS version 0.19.1-1-g22dce08 (webtiles) character file.

1116 lorenzova the Thaumaturge (level 8, -9/41 HPs)
             Began as a Deep Elf Fire Elementalist on Jan 3, 2017.
             Was a High Priest of Vehumet.
             Mangled by a fire elemental (10 damage)
             ... in the Dungeon (Sprint V: "Ziggurat Sprint").
             The game lasted 00:09:46 (1027 turns).

lorenzova the Thaumaturge (DEFE)                    Turns: 1027, Time: 00:09:48

Health: -9/41      AC:  2    Str:  5    XL:     8   Next: 12%
Magic:  22/34      EV: 13    Int: 35    God:    Vehumet [*****.]
Gold:   0          SH:  0    Dex: 15    Spells: 7 memorised, 5 levels left

rFire  . . .     SeeInvis +     M - +6 Majin-Bo {vamp, Archmagi MP+6 Int+6}
rCold  . . .     Gourm    .     a - +0 robe
rNeg   . . .     Faith    .     (shield currently unavailable)
rPois  +         Spirit   .     (no helmet)
rElec  .         Reflect  .     (no cloak)
rCorr  .         Harm     .     (no gloves)
MR     .....     NoTele   +     (no boots)
Stlth  ++........               (no amulet)
                                m - ring "Qikisi" {rPois SInv}
                                G - +6 ring of intelligence

@: very slightly contaminated, invisible
A: no striking features
a: Renounce Religion


You were in the Dungeon.
You worshipped Vehumet.
Vehumet was extremely pleased with you.
You were not hungry.

You visited 1 branch

Inventory:

Hand Weapons
 M - the +6 Majin-Bo (weapon) {vamp, Archmagi MP+6 Int+6}
   (You found it in the Dungeon)

   It inflicts no extra harm, but heals its wielder when it wounds a living foe.
   It affects your intelligence (+6).
   It affects your magic capacity (+6).
Armour
 a - a +0 robe (worn)
 N - a +3 buckler
 O - the +1 leather armour of Neiriet {rF+ rCorr Int-4}
   (You found it in the Dungeon)

   It affects your intelligence (-4).
   It protects you from fire.
   It protects you from acid and corrosion.
 P - a +3 leather armour of magic resistance
Magical Staves
 C - an uncursed staff of energy
 Q - an uncursed staff of power
 S - an uncursed staff of fire
Jewellery
 m - the ring "Qikisi" (right hand) {rPois SInv}
   (You found it in the Dungeon)

   [ring of see invisible]

   It protects you from poison.
   It lets you see invisible.
 E - a +6 ring of dexterity
 F - a +6 ring of dexterity
 G - a +6 ring of intelligence (left hand)
 H - a +6 ring of intelligence
 I - a +6 ring of strength
 J - a +6 ring of strength
 L - an uncursed ring of flight
Wands
 y - a wand of disintegration (7/24)
 z - a wand of iceblast (5/15)
 A - a wand of lightning (5/15)
 B - a wand of acid (5/15)
Scrolls
 i - 4 scrolls of blinking
 p - 4 scrolls of amnesia
 q - 3 scrolls of recharging
 r - 7 scrolls of fog
 s - a scroll of holy word
 t - 5 scrolls of identify
 u - 5 scrolls of remove curse
 v - 2 scrolls of fear
Potions
 d - 10 potions of curing
 e - 9 potions of heal wounds
 f - 6 potions of haste
 g - 7 potions of magic
 h - 3 potions of berserk rage
 j - 2 potions of brilliance
 k - a potion of invisibility
 l - 4 potions of resistance
 n - 5 potions of agility
 o - 5 potions of might
Books
 b - a book of Flames

   Spells                             Type                      Level
   a - Flame Tongue                   Conjuration/Fire             1
   b - Throw Flame                    Conjuration/Fire             2
   c - Conjure Flame                  Conjuration/Fire             3
   d - Inner Flame                    Hexes/Fire                   3
   e - Sticky Flame                   Conjuration/Fire             4
   f - Fireball                       Conjuration/Fire             5
 R - Mepsuash's Reference Book on Torrid Contamination
   (You found it in the Dungeon)

   Spells                             Type                      Level
   a - Flame Tongue                   Conjuration/Fire             1
   b - Throw Flame                    Conjuration/Fire             2
   c - Ignite Poison                  Fire/Transmutation/Poison    3
   d - Spider Form                    Transmutation/Poison         3
   e - Bolt of Magma                  Conjuration/Fire/Earth       5
   f - Bolt of Fire                   Conjuration/Fire             6
 T - Sif Muna's Incunabulum of Fiery Attacks
   (You found it in the Dungeon)

   Spells                             Type                      Level
   a - Flame Tongue                   Conjuration/Fire             1
   b - Searing Ray                    Conjuration                  2
   c - Throw Flame                    Conjuration/Fire             2
   d - Ignite Poison                  Fire/Transmutation/Poison    3
   e - Bolt of Cold                   Conjuration/Ice              6
   f - Freezing Cloud                 Conjuration/Ice/Air          6
Miscellaneous
 D - a crystal ball of energy
 K - a disc of storms
Comestibles
 c - 4 bread rations
 w - 42 fruits
 x - 4 meat rations


   Skills:
 - Level 4.2 Armour
 - Level 2.4 Dodging
 - Level 2.4 Stealth
 - Level 4.2 Shields
 + Level 14.2 Spellcasting
 - Level 8.2 Conjurations
 - Level 8.9 Fire Magic
 * Level 6.0 Ice Magic


You had 5 spell levels left.
You knew the following spells:

 Your Spells              Type           Power        Failure   Level  Hunger
a - Flame Tongue          Conj/Fire      #####        1%          1    None
b - Throw Flame           Conj/Fire      ######       1%          2    None
d - Freezing Cloud        Conj/Ice/Air   ######....   11%         6    ##.....
f - Fireball              Conj/Fire      #######...   1%          5    None
m - Bolt of Fire          Conj/Fire      #######...   2%          6    ##.....
n - Bolt of Cold          Conj/Ice       #######...   4%          6    ##.....
s - Sticky Flame          Conj/Fire      #######.     1%          4    None


Dungeon Overview and Level Annotations

Branches:
Dungeon (1/1)

Altars:
Ashenzari
Cheibriados
Dithmenos
Elyvilon
Fedhas
Gozag
Hepliaklqana
Kikubaaqudgha
Makhleb
Nemelex Xobeh
Okawaru
Qazlal
Ru
Sif Muna
Trog
Uskayaw
Vehumet
Xom
Yredelemnul
Zin
The Shining One
Beogh
Jiyva
Lugonu


Message History

Confirm with . or Enter, or press ? or * to list all spells.
Aiming: Fireball
Press: ? - help, Shift-Dir - straight line, f/p - deep elf demonologist
Aim: a deep elf demonologist, wielding a long sword (almost dead)
Okay, then.
You fade into invisibility!
The scimitar of holy wrath hits you!!
* * * LOW HITPOINT WARNING * * *
The deep elf knight unwields an uncursed short sword.
The deep elf knight wields a longbow.
The deep elf knight shoots an arrow.
The arrow hits the fire elemental but does no damage.
The fire elemental closely misses you.
You are very lightly contaminated with residual magic.
You feel much better. The scimitar of holy wrath hits you!!
Ouch! That really hurt!
* * * LOW HITPOINT WARNING * * *
The fire elemental hits you.
* * * LOW HITPOINT WARNING * * *
The fire elemental burns you!
You die...

▓..:ee..▓
▓..)§§§.▓
▓..§§§..▓
▓....)..▓
▓...§...▓
..e§...
▓.▓(E.▓.▓
▓...@...▓
▓▓▓▓▓▓▓▓▓


You could see a deep elf demonologist, a deep elf knight, a deep elf mage, a
fire elemental and a scimitar of holy wrath.

Vanquished Creatures
  A deep elf mage (D)
  A spriggan (D)
  A black bear (D)
  A small abomination (D)
  4 scorpions (D)
  2 quasits (D)
  2 orc priests (D)
  2 orc wizards (D)
  2 white imps (D)
  2 orcs (D)
  A bat zombie (D)
  A leopard gecko skeleton (D)
  A leopard gecko zombie (D)
21 creatures vanquished.

Notes
Turn   | Place    | Note
-------+----------+-------------------------------------------
     0 | D        | lorenzova the Deep Elf Fire Elementalist began the quest for the Orb.
     0 | D        | Reached XP level 1. HP: 10/10 MP: 6/6
     0 | D        | Found a deep blue altar of Sif Muna.
     0 | D        | Found a sacrificial altar of Ru.
     0 | D        | Found a bloodstained altar of Trog.
     0 | D        | Found a stormy altar of Qazlal.
     0 | D        | Found an iron altar of Okawaru.
     0 | D        | Found a sparkling altar of Nemelex Xobeh.
     0 | D        | Found a blossoming altar of Fedhas.
     2 | D        | Found an ancient bone altar of Kikubaaqudgha.
     2 | D        | Found a viscous altar of Jiyva.
     2 | D        | Found a corrupted altar of Lugonu.
     2 | D        | Found a hazy altar of Hepliaklqana.
     2 | D        | Found a burning altar of Makhleb.
     2 | D        | Found an opulent altar of Gozag.
    42 | D        | Became a worshipper of Vehumet
    98 | D        | Reached skill level 10 in Spellcasting
    98 | D        | Reached XP level 2. HP: 15/15 MP: 13/15
   107 | D        | Learned a level 2 spell: Throw Flame
   147 | D        | Entered arena 1.
   147 | D        | Noticed a black bear
   147 | D        | Noticed a spriggan
   151 | D        | Killed a black bear
   151 | D        | Reached skill level 11 in Spellcasting
   151 | D        | Reached skill level 5 in Fire Magic
   151 | D        | Reached XP level 3. HP: 12/19 MP: 13/17
   151 | D        | Reached XP level 4. HP: 15/24 MP: 14/19
   155 | D        | Killed a spriggan
   155 | D        | Reached skill level 12 in Spellcasting
   155 | D        | Reached XP level 5. HP: 2/28 MP: 7/22
   155 | D        | HP: 1/28 [the Majin-Bo (1)]
   457 | D        | Learned a level 4 spell: Sticky Flame
   463 | D        | Learned a level 5 spell: Fireball
   465 | D        | Entered arena 2.
   465 | D        | Noticed a hell hound
   471 | D        | Entered arena 3.
   472 | D        | Reached * piety under Vehumet
   472 | D        | Offered knowledge of Magic Dart by Vehumet.
   472 | D        | Reached XP level 6. HP: 9/32 MP: 23/23
   472 | D        | Reached skill level 13 in Spellcasting
   473 | D        | Reached ** piety under Vehumet
   473 | D        | HP: 1/32 [the Majin-Bo (3)]
   784 | D        | Got the ring "Qikisi" {rPois SInv}
   787 | D        | Got the +1 leather armour of Neiriet {rF+ rCorr Int-4}
   801 | D        | Entered arena 4.
   802 | D        | Offered knowledge of Sting by Vehumet.
   802 | D        | Reached XP level 7. HP: 36/36 MP: 25/25
   814 | D        | Entered arena 5.
   815 | D        | Reached *** piety under Vehumet
   818 | D        | Reached **** piety under Vehumet
   979 | D        | Identified Mepsuash's Reference Book on Torrid Contamination (You found it in the Dungeon)
   987 | D        | Learned a level 6 spell: Bolt of Fire
   992 | D        | Entered arena 6.
   993 | D        | Offered knowledge of Stone Arrow by Vehumet.
   993 | D        | Reached ***** piety under Vehumet
  1007 | D        | Identified Sif Muna's Incunabulum of Fiery Attacks (You found it in the Dungeon)
  1015 | D        | Learned a level 6 spell: Bolt of Cold
  1022 | D        | Learned a level 6 spell: Freezing Cloud
  1022 | D        | Entered arena 7.
  1022 | D        | Noticed a deep elf mage
  1022 | D        | Noticed a scimitar of holy wrath
  1022 | D        | Noticed a deep elf mage
  1022 | D        | Noticed a fire elemental
  1022 | D        | Noticed a deep elf knight
  1022 | D        | Noticed a deep elf demonologist
  1025 | D        | Killed a deep elf mage
  1025 | D        | Reached skill level 14 in Spellcasting
  1025 | D        | Reached XP level 8. HP: 30/41 MP: 21/28
  1027 | D        | HP: 2/41 [scimitar of holy wrath (22)]
  1027 | D        | Mangled by a fire elemental

Skill      XL: |  1  2  3  4  5  6  7 |
---------------+----------------------+-----
Spellcasting   | 10 11 12 13 14 | 14.2
Conjurations   | 4 6 7 8 |  8.2
Fire Magic     | 5 7 8 |  8.9
Armour         | 2 4 |  4.2
Shields        | 2 4 |  4.2
Ice Magic      | 6 |  6.0
Dodging        | |  2.4
Stealth        | |  2.4

Action                   |  1- 3 |  4- 6 |  7- 9 || total
-------------------------+-------+-------+-------++-------
 Cast: Throw Flame       |     3 |     5 |     4 ||    12
       Fireball          |       |     2 |     5 ||     7
       Freezing Cloud    |       |       |     1 ||     1
  Use: Potion            |     1 |       |     2 ||     3
  Eat: Bread ration      |     1 |       |       ||     1
Armor: Robe              |     1 |     2 |       ||     3
Dodge: Dodged            |     4 |     4 |     1 ||     9
